 Dungeon Crawl Stone Soup version 0.30-a0-297-g0ec75d9ef4 (webtiles) character file.

Game seed: 6700124864093615758

196 NinjaNoafa the Cutter (level 5, -1/38 HPs)
             Began as a Merfolk Gladiator on Oct 19, 2022.
             Was a Follower of Uskayaw.
             Slain by a gnoll
             ... wielding a +0 whip
             ... led by a gnoll sergeant
              (6 damage)
             ... on level 4 of the Dungeon.
             The game lasted 00:07:05 (3608 turns).

NinjaNoafa the Cutter (Merfolk Gladiator)           Turns: 3608, Time: 00:07:07

Health: -1/38      AC:  5    Str: 14    XL:     5   Next: 75%
Magic:  10/14      EV: 15    Int:  8    God:    Uskayaw [*.....]
Gold:   225        SH:  0    Dex: 23    Spells: 4/4 levels left

rFire   + . .      SeeInvis .    D - +3 dagger
rCold   + . .      Faith    .    (no shield)
rNeg    . . .      Spirit   .    b - +0 leather armour
rPois   +          Reflect  .    c - +0 helmet
rElec   +          Harm     .    l - +0 cloak
rCorr   +          Rampage  .    (no gloves)
Will    .....                    (no boots)
Stlth   +++.......               r - amulet of the acrobat
HPRegen 0.26/turn                i - +6 ring of dexterity
MPRegen 0.14/turn                p - ring of magical power

@: resistant, hasted, very quick
A: (nimble swimmer 2), mertail
a: Renounce Religion, Stomp


You were on level 4 of the Dungeon.
You worshipped Uskayaw.
Uskayaw was noncommittal.
You visited 2 branches of the dungeon, and saw 5 of its levels.

You collected 225 gold pieces.

Inventory:

Hand Weapons
 D - a +3 dagger (weapon)
Missiles
 d - 3 throwing nets (quivered)
 k - 6 poisoned darts
 q - 28 stones
 y - 9 boomerangs
 z - 2 curare-tipped darts
Armour
 b - a +0 leather armour (worn)
 c - a +0 helmet (worn)
 l - a +0 cloak (worn)
Jewellery
 a - a ring of see invisible
 i - a +6 ring of dexterity (left hand)
 p - a ring of magical power (right hand)
 r - an amulet of the acrobat (around neck)
 B - a ring of wizardry
Scrolls
 f - a scroll of blinking {unknown}
 j - a scroll of fog {unknown}
 n - 6 scrolls of identify {unknown}
 o - a scroll of summoning {unknown}
 t - 2 scrolls of enchant weapon {unknown}
 u - a scroll of brand weapon {unknown}
 v - a scroll of amnesia {unknown}
 w - 2 scrolls of teleportation {unknown}
 A - a scroll of acquirement {unknown}
 E - 2 scrolls of vulnerability {unknown}
Potions
 m - a potion of haste
 s - a potion of attraction {unknown}
 x - a potion of heal wounds {unknown}
 C - a potion of magic {unknown}
 F - a potion of might {unknown}


   Skills:
 - Level 2.1 Fighting
 - Level 5.0 Short Blades
 - Level 2.0 Throwing
 - Level 5.0 Dodging
 + Level 4.6 Stealth


You had 4 spell levels left.
You didn't know any spells.
Your spell library contained the following spells:

 Spells                   Type           Power      Damage    Failure   Level
 Summon Ice Beast         Ice/Summ       0%         N/A       99%         4
 Summon Mana Viper        Hex/Summ       0%         N/A       100%        5
 Monstrous Menagerie      Summ           0%         N/A       100%        7


Dungeon Overview and Level Annotations

Branches:
Dungeon (4/15)             Temple (1/1) D:4

Altars:
Cheibriados
Dithmenos
Elyvilon
Gozag
Makhleb
Nemelex Xobeh
Okawaru
Qazlal
Sif Muna
Uskayaw
Vehumet
Wu Jian
Yredelemnul
Zin
The Shining One


Innate Abilities, Weirdness & Mutations

((You are very nimble when in or above water. (Stealth+, EV+, Speed+++)))
Your lower body shifts to a powerful aquatic tail in water.


Message History

Aim: a gnoll sergeant, wielding a +2 spear of flaming and wearing a +0 scale mail (lightly wounded, 72% to hit)
You throw a boomerang. The boomerang hits the gnoll sergeant!
The gnoll sergeant is heavily wounded.
The gnoll sergeant misses you.
Throw: javelin
Press: ? - help, Q - select action, (/) - cycle Shift-Dir - straight line, f/p - gnoll sergeant
Aim: a gnoll sergeant, wielding a +2 spear of flaming and wearing a +0 scale mail (heavily wounded, 72% to hit)
You throw a javelin.
The javelin pierces through the gnoll sergeant!
The gnoll sergeant is almost dead.
The javelin pierces through the gnoll!
The gnoll is severely wounded.
The javelin pierces through the adder.
The adder is heavily wounded.
The javelin pierces through the gnoll.
The gnoll is lightly wounded.
The gnoll sergeant closely misses you.
You can now pass through a line of other dancers.
You aren't carrying any items that you can evoke.
Unknown command.
The gnoll sergeant hits you with a +2 spear of flaming!
* * * LOW HITPOINT WARNING * * *
The gnoll sergeant burns you.
* * * LOW HITPOINT WARNING * * *
Aiming: Line Pass
Press: ? - help, Dir - move target, p - gnoll sergeant The gnoll sergeant appears confused.
The gnoll appears confused.
The adder appears confused.
The gnoll appears confused. x2
You can no longer pass through a line of other dancers.
The gnoll hits something with a +0 vorpal spear!
You feel a bit more experienced.
You closely miss the gnoll. You hit the gnoll.
The gnoll is moderately wounded.
The gnoll seems less confused.
The gnoll closely misses you. The gnoll misses you.
You puncture the gnoll!
The gnoll is severely wounded.
The gnoll hits you with a +0 whip.
You die...

#..........# #....#
.........#. #.......S.g#
###....# .........#.
#.........g# #......#
#........#. #.>........#
#....# #........#.
#.)........###....#
#........#.
#.................#
#........#.
#............g.#.##
#........#.
########.##....#)#
#........#. ####.##....#@#
.....
#..........#g###############.
#######.####(ggSgg...........
#.# #################. #.#
##. #.# #.# #.# #.. #.# ##.#
#.# ####...


You could see 2 gnolls.

Vanquished Creatures
  A hound (D:4)
  An orc wizard (D:3)
  A gnoll (D:4)
  3 adders (D:3)
  A worm (D:2)
  A dart slug (D:3)
  18 orcs
  5 bats
  11 endoplasms
  2 giant cockroaches
  6 goblins
  4 hobgoblins
  2 jackals (D:4)
  2 quokkas
  7 ball pythons
  4 frilled lizards
  10 kobolds
  3 rats (D:1)
  A bush (D:3)
83 creatures vanquished.

Notes
Turn   | Place    | Note
-------+----------+-------------------------------------------
     0 | D:1      | NinjaNoafa the Merfolk Gladiator began the quest for the
                  | Orb.
     0 | D:1      | Reached XP level 1. HP: 16/16 MP: 1/1
    69 | D:1      | Reached XP level 2. HP: 8/22 MP: 2/2
  1041 | D:2      | Reached skill level 5 in Short Blades
  1041 | D:2      | Reached XP level 3. HP: 26/27 MP: 3/3
  2000 | D:3      | Reached skill level 5 in Dodging
  2000 | D:3      | Reached XP level 4. HP: 33/33 MP: 4/4
  2022 | D:3      | Reached skill level 1 in Stealth
  2572 | D:3      | Reached XP level 5. HP: 21/38 MP: 5/5
  2584 | D:3      | HP: 1/38 [orc/+0 short sword (1)]
  2914 | D:4      | Found a staircase to the Ecumenical Temple.
  2926 | Temple   | Entered the Ecumenical Temple
  2936 | Temple   | Became a worshipper of Uskayaw the Reveller
  3153 | D:4      | Reached * piety under Uskayaw
  3277 | D:4      | Reached ** piety under Uskayaw
  3291 | D:4      | Reached *** piety under Uskayaw
  3608 | D:4      | Slain by a gnoll

Illustrated notes

Levels and vault maps discovered:
D:1:      dpeg_arrival_tiny_g, layout_basic, minmay_tetromino_l4
D:2:      layout_basic, serial_glass, glass_columns_b, glass_columns_b
D:3:      minmay_bubble_buster, layout_loops_cross, minmay_hedge_maze
D:4:      layout_basic, minmay_temple_entry_antechambers
Temple:   nicolae_temple_bog_church

Skill      XL: |  1  2  3  4  5 |
---------------+----------------+-----
Short Blades   | 4 5 |  5.0
Dodging        | 5 |  5.0
Stealth        | 3 4 |  4.6
Fighting       | |  2.1
Throwing       | |  2.0

Action                   |  1- 3 |  4- 6 || total
-------------------------+-------+-------++-------
Melee: Rapier            |   131 |   212 ||   343
       Punch             |     1 |     2 ||     3
       Dagger            |       |    50 ||    50
Throw: Boomerang         |       |     9 ||     9
       Javelin           |       |     1 ||     1
Invok: Line Pass         |       |     1 ||     1
  Use: Potion            |       |     4 ||     4
 Stab: Sleeping          |       |     2 ||     2
       Distracted        |       |     1 ||     1
       Paralysed         |       |     1 ||     1
Armor: Leather armour    |    48 |    25 ||    73
Dodge: Dodged            |    97 |   204 ||   301

Table legend: (Time is in decaauts)
 A = Elapsed time spent in this place.
 B = Non-inter-level travel time spent in this place.
 C = Inter-level travel time spent in this place.
 D = Time resting spent in this place.
 E = Time spent auto-exploring this place.
 F = Levels seen in this place.
 G = Mean time per level.
                   A        B        C        D        E       F      G
               +--------+--------+--------+--------+--------+-----+--------+
         Total |   3548 |   3426 |    122 |      0 |   2466 |   5 |  709.6 |
       Dungeon |   3417 |   3307 |    110 |      0 |   2379 |   4 |  854.2 |
        Temple |    130 |    119 |     11 |      0 |     87 |   1 |  130.0 |
               +--------+--------+--------+--------+--------+-----+--------+

Top non-repeatable levels by time:
     D:3: 1044 daAuts
     D:1: 1026 daAuts
     D:2: 763 daAuts
     D:4: 584 daAuts
  Temple: 130 daAuts
